 Dungeon Crawl Stone Soup version 0.24.1-14-gf8d2b509d9 (webtiles) character file.

Game seed: 6260360339826389225, levelgen mode: deterministic

9957 zig the Fighter (level 11, -4/99 HPs)
             Began as a Minotaur Fighter on June 3, 2020.
             Was a Follower of the Shining One.
             Slain by an entropy weaver (6 damage)
             ... on level 10 of the Dungeon.
             The game lasted 00:39:20 (12691 turns).

zig the Fighter (Minotaur Fighter)                 Turns: 12691, Time: 00:39:20

Health: -4/99      AC:  3    Str: 29    XL:     11   Next: 29%
Magic:  14/14      EV: 12    Int:  5    God:    the Shining One [*.....]
Gold:   194        SH:  0    Dex: 10    Spells: 10/10 levels left

rFire    + . .     SeeInvis .   W - +0 battleaxe
rCold    . . .     Gourm    +   (shield currently unavailable)
rNeg     . . .     Faith    .   U - +0 chain mail {rF+}
rPois    .         Spirit   .   (helmet restricted)
rElec    .         Reflect  .   (no cloak)
rCorr    .         Harm     .   Q - +0 pair of gloves
MR       .....                  l - +1 pair of boots
Stlth    ..........             s - amulet of Qumecs {Gourm +Inv}
HPRegen  0.26/turn              j - ring of flight
MPRegen  0.14/turn              h - ring of wizardry

@: mighty, corroded, glowing
A: retaliatory headbutt, horns 2
a: Renounce Religion, Evoke Invisibility, Evoke Flight


You were on level 10 of the Dungeon.
You worshipped the Shining One.
The Shining One was aware of your devotion.
You were full.

You visited 2 branches of the dungeon, and saw 11 of its levels.

You collected 585 gold pieces.
You spent 391 gold pieces at shops.

Inventory:

Hand Weapons
 a - a +0 war axe
 e - a +0 longbow
 m - a +0 hand axe
 p - a +0 quarterstaff
 x - a +2 hunting sling of velocity
 y - a +5 halberd
 C - a +0 rapier
 E - a +2 flail of protection
 I - a +4 hunting sling
 W - a +0 battleaxe (weapon)
Missiles
 k - 7 silver boomerangs
 q - 38 poisoned darts (quivered)
 H - 10 boomerangs
 L - 158 arrows
 P - 112 sling bullets
 V - 42 bolts
Armour
 b - a +0 scale mail
 c - a +0 shield
 l - a +1 pair of boots (worn)
 u - a +1 leather armour of magic resistance
 w - the +0 chain mail of Disguise {Dex+4}
   (You bought it in a shop on level 8 of the Dungeon)

   It affects your dexterity (+4).
 M - the +0 leather armour "Uwnec" {*Slow MP+9 Str+4 Stlth+}
   (You found it on level 10 of the Dungeon)

   It affects your strength (+4).
   It affects your magic capacity (+9).
   It may slow you when you take damage.
   It makes you more stealthy.
 Q - a +0 pair of gloves (worn)
 S - a +0 buckler
 T - a +0 plate armour
 U - a +0 chain mail of fire resistance (worn)
Jewellery
 h - a ring of wizardry (right hand)
 j - a ring of flight (left hand)
 s - the amulet of Qumecs (around neck) {Gourm +Inv}
   (You bought it in a shop on level 8 of the Dungeon)

   [amulet of the gourmand]

   It allows you to eat raw meat even when not hungry.
   It lets you turn invisible.
Wands
 z - a wand of flame (30)
 D - a wand of polymorph (20)
 Y - a wand of disintegration (13)
Scrolls
 i - 5 scrolls of remove curse
 n - a scroll of fear
 o - a scroll of magic mapping {unknown}
 r - 4 scrolls of teleportation
 B - a scroll of brand weapon {unknown}
 F - a scroll of silence {unknown}
 G - a scroll of random uselessness {unknown}
 N - 2 scrolls of fog {unknown}
 R - a scroll of acquirement {unknown}
Potions
 d - 3 potions of might
 g - 3 potions of flight
 t - 3 potions of resistance
 A - 3 potions of agility {unknown}
 J - a potion of mutation {unknown}
 K - 3 potions of haste
 O - 5 potions of curing
Comestibles
 f - 15 rations


   Skills:
 + Level 10.0 Fighting
 + Level 9.4 Axes
 - Level 3.0 Throwing
 + Level 9.9 Armour
 + Level 8.3 Dodging
 - Level 4.0 Shields
 + Level 5.8 Invocations
 + Level 5.2 Evocations


You had 10 spell levels left.
You didn't know any spells.
Your spell library was empty.

Dungeon Overview and Level Annotations

Branches:
Dungeon (10/15)            Temple (1/1) D:6             Orc (0/2) D:9
   Lair: D:8-11

Altars:
Ashenzari
Cheibriados
Dithmenos
Elyvilon
Fedhas
Gozag
Hepliaklqana
Kikubaaqudgha
Makhleb
Nemelex Xobeh
Okawaru
Qazlal
Ru
Sif Muna
Trog
Uskayaw
Vehumet
Wu Jian
Xom
Yredelemnul
Zin
The Shining One

Shops:
D:8 [*!!(


Innate Abilities, Weirdness & Mutations

You reflexively headbutt those who attack you in melee.
You have a pair of horns on your head.


Message History

The entropy weaver mumbles some strange words.
The entropic weave corrodes you!
You hit the entropy weaver.
The entropy weaver is severely wounded.
The entropy weaver hits you.
* * * LOW HITPOINT WARNING * * *
The entropy weaver hits you!
* * * LOW HITPOINT WARNING * * *
The entropy weaver hits you!
* * * LOW HITPOINT WARNING * * *
The entropy weaver hits you but does no damage.
The entropy weaver hits you!
* * * LOW HITPOINT WARNING * * *
The entropy weaver misses you. The entropy weaver hits you.
* * * LOW HITPOINT WARNING * * *
The entropy weaver barely misses you.
You hit the entropy weaver but do no damage.
The entropy weaver is severely wounded.
The entropy weaver hits you.
You die...

###########
#.a@......#
#.#######.#
#.# #.# #.#
#.# #a# #.#
#.# #.# #.#
#.# #.# #.#
#.# #.#


You could see an entropy weaver.

Vanquished Creatures
  An entropy weaver (D:10)
  A two-headed ogre (D:10)
  5 fire crabs (D:10)
  A troll (D:9)
  A hippogriff (D:9)
  Sigmund (D:2)
  6 yaks (D:7)
  3 hungry ghosts
  Menkaure (D:6)
  Edmund (D:6)
  A water moccasin (D:7)
  3 orc warriors
  2 phantoms
  A black bear (D:8)
  An eye of draining (D:10)
  A sky beast (D:8)
  5 ogres
  3 centaurs
  A big kobold (D:9)
  3 bullfrogs
  A scorpion (D:9)
  11 killer bees
  3 wights (D:8)
  4 howler monkeys
  3 crimson imps
  2 jellies
  A centaur skeleton (D:8)
  4 orc priests
  3 hounds
  5 orc wizards
  Jessica (D:3)
  Natasha (thrice) (D:2)
  3 iguanas
  4 worker ants
  A hound skeleton (D:7)
  6 gnolls
  A howler monkey skeleton (D:9)
  6 adders
  A shadow imp (D:5)
  An ooze (D:2)
  An adder skeleton (D:9)
  2 worms
  5 dart slugs
  4 leopard geckos
  30 orcs
  A ball python (D:4)
  5 giant cockroaches
  7 hobgoblins
  12 jackals
  5 quokkas
  6 bats
  4 frilled lizards
  7 goblins
  A jackal skeleton (D:2)
  9 kobolds
  2 quokka skeletons
  7 rats
  A plant (D:2)
215 creatures vanquished.

Notes
Turn   | Place    | Note
-------+----------+-------------------------------------------
     0 | D:1      | zig the Minotaur Fighter began the quest for the Orb.
     0 | D:1      | Reached XP level 1. HP: 19/19 MP: 0/0
    35 | D:1      | Reached XP level 2. HP: 23/27 MP: 1/1
   283 | D:1      | Reached skill level 1 in Dodging
   492 | D:1      | Reached XP level 3. HP: 31/33 MP: 2/2
  1063 | D:2      | Reached skill level 4 in Fighting
  1165 | D:2      | Reached skill level 1 in Throwing
  1165 | D:2      | Reached XP level 4. HP: 40/40 MP: 3/3
  1180 | D:2      | Noticed Sigmund
  1752 | D:2      | Killed Sigmund
  1752 | D:2      | Reached XP level 5. HP: 29/47 MP: 4/4
  1904 | D:2      | Reached XP level 6. HP: 55/55 MP: 5/5
  2173 | D:2      | Noticed Natasha
  2176 | D:2      | Killed Natasha
  2449 | D:2      | Noticed Natasha
  2456 | D:2      | Killed Natasha
  2603 | D:2      | Noticed Natasha
  2613 | D:2      | Killed Natasha
  2613 | D:2      | Reached skill level 5 in Fighting
  2613 | D:2      | Reached skill level 5 in Armour
  3111 | D:3      | Found a faded altar of an unknown god.
  3386 | D:3      | Noticed Jessica
  3392 | D:3      | Killed Jessica
  4297 | D:5      | Entered Level 5 of the Dungeon
  4300 | D:5      | Reached XP level 7. HP: 61/61 MP: 6/6
  4516 | D:5      | Found a shattered altar of Ashenzari.
  4664 | D:5      | Found a hazy altar of Hepliaklqana.
  4932 | D:6      | Reached skill level 5 in Axes
  4942 | D:6      | Noticed Edmund
  5226 | D:6      | Noticed Menkaure
  5241 | D:6      | Reached skill level 6 in Fighting
  5273 | D:6      | Killed Edmund
  5273 | D:6      | Reached XP level 8. HP: 51/70 MP: 7/7
  5314 | D:6      | Killed Menkaure
  5850 | D:6      | Found a staircase to the Ecumenical Temple.
  5859 | D:6      | Reached skill level 5 in Dodging
  5868 | Temple   | Entered the Ecumenical Temple
  5950 | Temple   | Became a worshipper of the Shining One
  6364 | D:7      | Reached skill level 7 in Fighting
  6364 | D:7      | Reached skill level 1 in Invocations
  6622 | D:7      | Reached skill level 1 in Evocations
  7170 | D:7      | Reached XP level 9. HP: 79/79 MP: 9/9
  7686 | D:8      | Reached skill level 8 in Fighting
  7952 | D:8      | Found Tuethat's Assorted Antiques.
  7962 | D:8      | Bought a brightly glowing ruby amulet for 135 gold pieces
  7962 | D:8      | Identified the amulet of Qumecs {Gourm +Inv} (You bought it
                  | in a shop on level 8 of the Dungeon)
  7965 | D:8      | Bought a translucent chain mail for 256 gold pieces
  7975 | D:8      | Identified the cursed +0 chain mail of Disguise {Dex+4}
                  | (You bought it in a shop on level 8 of the Dungeon)
  8001 | D:8      | Found Eloppish's Antique Armour Emporium.
  8100 | D:8      | Found Sanerila's Distillery.
  8277 | D:8      | Reached * piety under the Shining One
  8325 | D:8      | Found Equemedd's Distillery.
  8692 | D:8      | Found Govuax's Antique Weapon Shoppe.
  9311 | D:9      | Reached XP level 10. HP: 82/90 MP: 10/12
  9348 | D:9      | Found a staircase to the Orcish Mines.
  9857 | D:9      | Found a sacrificial altar of Ru.
  9934 | D:9      | Reached ** piety under the Shining One
 10275 | D:9      | Found an ornate altar of the Wu Jian Council.
 10275 | D:9      | Found a radiant altar of Vehumet.
 10275 | D:9      | Found an ancient bone altar of Kikubaaqudgha.
 10310 | D:10     | Entered Level 10 of the Dungeon
 10338 | D:10     | Noticed a two-headed ogre
 10701 | D:10     | Got a faintly glowing leather armour
 10757 | D:10     | Killed a two-headed ogre
 10757 | D:10     | Reached skill level 9 in Fighting
 10894 | D:10     | Reached skill level 5 in Invocations
 10944 | D:10     | Found a glowing silver altar of Zin.
 11179 | D:10     | Found a runed translucent door.
 11181 | D:10     | Noticed a fire crab
 11250 | D:10     | Identified the +0 leather armour "Uwnec" {*Slow MP+9 Str+4
                  | Stlth+} (You found it on level 10 of the Dungeon)
 11263 | D:10     | Killed a fire crab
 11392 | D:10     | Noticed an entropy weaver
 11392 | D:10     | Noticed a fire crab
 11397 | D:10     | Killed a fire crab
 11405 | D:10     | Killed an entropy weaver
 11405 | D:10     | Reached XP level 11. HP: 45/99 MP: 14/14
 11626 | D:10     | Noticed a fire crab
 11643 | D:10     | Killed a fire crab
 11643 | D:10     | Reached skill level 5 in Evocations
 11964 | D:10     | Noticed a fire crab
 11964 | D:10     | Noticed a fire crab
 12308 | D:10     | Killed a fire crab
 12379 | D:10     | Killed a fire crab
 12379 | D:10     | Reached skill level 10 in Fighting
 12673 | D:10     | Noticed an entropy weaver
 12690 | D:10     | HP: 1/99 [entropy weaver (4)]
 12691 | D:10     | Slain by an entropy weaver

Levels and vault maps discovered:
D:1:      eino_arrival_druids_welcome, layout_loops_corners, minmay_pentomino_u4
D:2:      layout_basic, serial_forest, infiniplex_forest_zigzag_2,
          infiniplex_forest_end_3, infiniplex_forest_clump_large,
          infiniplex_forest_clump_medium, infiniplex_forest_clump_small,
          infiniplex_forest_end_2, infiniplex_forest_clump_tiny,
          infiniplex_forest_lined_corner, infiniplex_forest_straight_4,
          minmay_unequal, uniq_sigmund, uniq_natasha
D:3:      layout_basic, chequers_ecumenical_altar_simple_redux, uniq_jessica
D:4:      layout_cave_pools, first_ration, minmay_misc_feat_rows,
          chequers_arboretum
D:5:      layout_cave_pools, kennysheep_mini_moat, lemuel_crystal_altar
D:6:      layout_rooms, minmay_temple_entry_glassed_door, uniq_edmund,
          uniq_menkaure
D:7:      layout_loops_corners
D:8:      layout_basic, serial_shops, shop, shop, nicolae_shop_behind_doors,
          shop, nicolae_shop_trees
D:9:      layout_loops_ring, hangedman_ru_absence, minitemple, david_orc_2
D:10:     gammafunk_mikee_crab_dinner, layout_rooms, basic_altar
Temple:   eino_temple_scatter_basement

Skill      XL: |  1  2  3  4  5  6  7  8  9 10 11 |
---------------+----------------------------------+-----
Dodging        | 1 2 3 4 5 6 8 |  8.3
Fighting       | 4 5 6 7 8 9 10 | 10.0
Axes           | 3 4 5 6 7 9 |  9.4
Armour         | 4 5 6 7 8 9 |  9.9
Shields        | 4 |  4.0
Throwing       | 1 2 3 |  3.0
Invocations    | 2 4 5 |  5.8
Evocations     | 1 3 4 5 |  5.2

Action                   |  1- 3 |  4- 6 |  7- 9 | 10-12 || total
-------------------------+-------+-------+-------+-------++-------
Melee: War axe           |    98 |   145 |    69 |       ||   312
       Headbutt          |     8 |    22 |    46 |    37 ||   113
       Flail             |       |       |     3 |       ||     3
       Battleaxe         |       |       |   120 |   122 ||   242
       Hand axe          |       |       |    34 |       ||    34
       Halberd           |       |       |       |    22 ||    22
Throw: Dart              |       |    17 |    19 |    13 ||    49
       Boomerang         |       |     2 |    18 |       ||    20
Evoke: Wand              |       |       |       |     5 ||     5
  Use: Scroll            |       |       |    12 |     1 ||    13
       Potion            |       |       |     1 |     5 ||     6
  Eat: Chunk             |     1 |    10 |    14 |    17 ||    42
       Ration            |       |       |     1 |       ||     1
Armor: Scale mail        |    45 |    39 |    16 |       ||   100
       Skin              |       |     2 |       |       ||     2
       Plate armour      |       |       |    18 |       ||    18
       Chain mail        |       |       |    91 |   110 ||   201
Dodge: Dodged            |    36 |    50 |   147 |   106 ||   339
Block: Shield            |    57 |    66 |    33 |       ||   156
